 Dungeon Crawl Stone Soup version 0.29.1-15-g9cfb28693d (webtiles) character file.

Game seed: 13432293232035501662

2799 yourfavgirlally the Protected (level 9, -2/69 HPs)
             Began as a Palentonga Berserker on Mar 8, 2023.
             Was a Believer of Trog.
             Slain by a sky beast (6 damage)
             ... on level 7 of the Dungeon.
             The game lasted 00:12:03 (7430 turns).

yourfavgirlally the Protected (PaBe)                Turns: 7430, Time: 00:12:04

Health: -2/69      AC: 20    Str: 25    XL:     9   Next: 43%
Magic:  9/9        EV:  8    Int:  7    God:    Trog [**....]
Gold:   363        SH:  0    Dex: 14    Spells: 8/8 levels left

rFire   . . .      SeeInvis +   a - +1 hand axe (spect)
rCold   . . .      Faith    .   (no shield)
rNeg    . . .      Spirit   .   j - +2 chain mail
rPois   .          Reflect  .   p - +0 helmet
rElec   .          Harm     .   (no cloak)
rCorr   .          Rampage  .   (no gloves)
Will    .....                   (no barding)
Stlth   ..........              y - amulet of regeneration
HPRegen 1.01/turn               (no ring)
MPRegen 0.11/turn               (no ring)

@: mighty, on berserk cooldown, curled up
A: large, rugged brown scales 3, see invisible, deformed body, roll 1, armoured
tail, reflexive curl, agile 1
a: Rolling Charge, Renounce Religion, Berserk, Trog's Hand


You were on level 7 of the Dungeon.
You worshipped Trog.
Trog was pleased with you.
You visited 1 branch of the dungeon, and saw 7 of its levels.

You collected 363 gold pieces.

Inventory:

Hand Weapons
 a - a +1 spectral hand axe (weapon)
 t - the +8 hammer "Uqi Rac" {vamp, rC+ Int+3 Dex-5}
   (You found it on level 4 of the Dungeon)

   It occasionally heals its wielder for a portion of the damage dealt when it
   wounds a living foe.
   Int:       It affects your intelligence (+3).
   Dex:       It affects your dexterity (-5).
   rC:        It protects you from cold.
Missiles
 w - a throwing net
Armour
 b - a +0 animal skin
 j - a +2 chain mail (worn)
 n - a +0 ring mail of poison resistance
 p - a +0 helmet (worn)
Jewellery
 d - an amulet of faith
 e - a +6 ring of intelligence
 h - a ring of magical power
 v - a +6 ring of intelligence
 y - an amulet of regeneration (around neck)
Wands
 q - a wand of flame (4)
 s - a wand of iceblast (11) (quivered)
 z - a wand of paralysis (4)
Scrolls
 g - 2 scrolls of blinking
 k - 4 scrolls of immolation
 m - a scroll of vulnerability
 o - a scroll of fog
 r - 4 scrolls of teleportation
Potions
 c - a potion of haste
 f - a potion of magic
 i - 3 potions of might
 u - a potion of cancellation {unknown}
 x - a potion of invisibility {unknown}


   Skills:
 - Level 4.3 Fighting
 - Level 5.1 Axes
 + Level 8.8 Armour
 * Level 5.2 Dodging


You had 8 spell levels left.
You didn't know any spells.
Your spell library contained the following spells:

 Spells                   Type           Power      Damage    Failure   Level
 Metabolic Englaciation   Hex/Ice        0%         N/A       100%        5
 Yara's Violent Unravell  Hex/Tmut       0%         3d3       100%        5
 Enfeeble                 Hex            0%         N/A       100%        7


Dungeon Overview and Level Annotations

Branches:
Dungeon (7/15)             Temple (0/1) D:5

Altars:
Cheibriados
Dithmenos
Gozag
Nemelex Xobeh
Qazlal
Ru
Sif Muna
Trog
Uskayaw
Xom
Yredelemnul


Innate Abilities, Weirdness & Mutations

You are completely covered in rugged brown scales. (AC +3, +7% HP)
You have supernaturally acute eyesight. (SInv)
Armour fits poorly on your strangely shaped body.
You can roll at nearby foes to attack.
You have a long armoured tail.
You curl defensively after being hit. (AC +7*)
You are agile. (Dex +4, Str/Int -1)


Message History

The yak gores you but does no damage.
You hit the yak. You tail-slap the yak!
The yak is heavily wounded.
You slash the black bear! The black bear bites you.
* * * LOW HITPOINT WARNING * * *
The black bear barely misses you.
The black bear claws you but does no damage.
The yak gores you.
* * * LOW HITPOINT WARNING * * *
The black bear bites you.
* * * LOW HITPOINT WARNING * * *
The black bear claws you but does no damage. x2
The yak gores you but does no damage.
You barely miss the yak.
The yak is heavily wounded.
You closely miss the black bear.
The black bear goes berserk!
The sky beast flickers out of sight for a moment.
The yak gores you!
* * * LOW HITPOINT WARNING * * *
Aiming: Iceblast
Press: ? - help, Q - select action, (/) - cycle Shift-Dir - straight line That beam is likely to hit you.
Continue anyway?
Okay, then.
You slash the black bear!
You kill the black bear!
Trog accepts your kill.
You hit the yak.
You feel yourself speed up. The yak gores you.
* * * LOW HITPOINT WARNING * * *
The sky beast hits you but does no damage.
The yak barely misses you.
You slash the sky beast!
The sky beast is moderately wounded.
You closely miss the yak. The yak gores you.
* * * LOW HITPOINT WARNING * * *
The sky beast hits you.
* * * LOW HITPOINT WARNING * * *
The sky beast shocks you.
You die...

#...........<...#
#..#.....##.....#
##.......##.....#
##......##.....#
##.............
#.######.............
....Y..#.######.(....
####)#####......###+####
.....KY@YY#....Y#
####.######........
#....!Y.. ..#...##.
.####+# . ..


You could see 2 yaks, a sky beast and a kobold brigand.

Vanquished Creatures
  A cyclops (D:7)
  Grinder (D:3)
  A shadow (D:7)
  3 yaks (D:7)
  A water moccasin (D:5)
  3 ice beasts
  3 black bears
  4 ogres
  2 phantoms (D:5)
  Blork the orc (D:4)
  A necrophage (D:6)
  3 electric eels (D:5)
  2 jellies (D:6)
  2 hounds (D:5)
  Crazy Yiuf (D:4)
  An iguana (D:5)
  An orc wizard (D:5)
  Robin (D:3)
  4 adders
  2 worms
  A dart slug (D:2)
  6 orcs (D:5)
  5 ball pythons
  2 endoplasms
  4 giant cockroaches
  4 hobgoblins
  4 jackals (D:1)
  6 kobolds
  4 bats
  3 frilled lizards (D:1)
  11 goblins
  8 rats
96 creatures vanquished.

Vanquished Creatures (others)
  4 plants (D:5)
4 creatures vanquished.

Grand Total: 100 creatures vanquished

Notes
Turn   | Place    | Note
-------+----------+-------------------------------------------
     0 | D:1      | yourfavgirlally the Palentonga Berserker began the quest
                  | for the Orb.
     0 | D:1      | Reached XP level 1. HP: 19/19 MP: 1/1
    77 | D:1      | Found a faded altar of an unknown god.
   265 | D:1      | Reached XP level 2. HP: 25/25 MP: 2/2
  1398 | D:1      | Got Jomno's Excursus on Jinxing
  2004 | D:2      | Gained mutation: Your flesh is heat resistant. (rF+)
                  | [potion of mutation]
  2019 | D:2      | Reached XP level 3. HP: 27/31 MP: 3/3
  2674 | D:3      | Noticed Robin
  2679 | D:3      | Reached ** piety under Trog
  2685 | D:3      | Reached skill level 2 in Armour
  2695 | D:3      | Killed Robin
  2938 | D:3      | Found a bloodstained altar of Trog.
  2938 | D:3      | Noticed Grinder
  2950 | D:3      | Killed Grinder
  2951 | D:3      | Reached XP level 4. HP: 35/39 MP: 4/4
  2951 | D:3      | Reached XP level 5. HP: 40/44 MP: 5/5
  3490 | D:4      | Reached XP level 6. HP: 48/51 MP: 6/6
  3626 | D:4      | Found a shimmering blue altar of Sif Muna.
  3628 | D:4      | Found an opulent altar of Gozag.
  3631 | D:4      | Found a shimmering altar of Xom.
  3650 | D:4      | Found a basalt altar of Yredelemnul.
  3652 | D:4      | Found a sparkling altar of Nemelex Xobeh.
  3653 | D:4      | Found a sacrificial altar of Ru.
  3655 | D:4      | Found a snail-covered altar of Cheibriados.
  3659 | D:4      | Found a hide-covered altar of Uskayaw.
  3660 | D:4      | Found a shadowy altar of Dithmenos.
  3706 | D:4      | Noticed Blork the orc
  3719 | D:4      | Killed Blork the orc
  3720 | D:4      | Reached skill level 3 in Armour
  4044 | D:4      | Found a stormy altar of Qazlal.
  4131 | D:4      | Reached skill level 5 in Axes
  4699 | D:4      | Found a runed translucent door.
  4700 | D:4      | Noticed Crazy Yiuf
  4708 | D:4      | Killed Crazy Yiuf
  4715 | D:4      | HP: 1/51 [poisoned by Crazy Yiuf]
  5101 | D:4      | Identified the +8 hammer "Uqi Rac" {vamp, rC+ Int+3 Dex-5}
  5217 | D:5      | Entered Level 5 of the Dungeon
  5393 | D:5      | Noticed a water moccasin
  5397 | D:5      | Killed a water moccasin
  5398 | D:5      | Gained mutation: You curl defensively after being hit. (AC
                  | +7*) [Palentonga growth]
  5398 | D:5      | Reached XP level 7. HP: 37/57 MP: 7/7
  5608 | D:5      | Found a staircase to the Ecumenical Temple.
  5624 | D:5      | Reached skill level 4 in Armour
  5711 | D:5      | Reached skill level 5 in Armour
  6189 | D:5      | Reached XP level 8. HP: 64/64 MP: 8/8
  6428 | D:5      | Reached skill level 6 in Armour
  6963 | D:6      | Lost mutation: Your flesh is heat resistant. (rF+) [potion
                  | of mutation]
  6963 | D:6      | Gained mutation: You are agile. (Dex +4, Str/Int -1)
                  | [potion of mutation]
  7254 | D:6      | Reached skill level 7 in Armour
  7392 | D:7      | Noticed a cyclops
  7400 | D:7      | Killed a cyclops
  7401 | D:7      | Reached skill level 8 in Armour
  7401 | D:7      | Reached XP level 9. HP: 69/69 MP: 9/9
  7407 | D:7      | Reached skill level 5 in Dodging
  7430 | D:7      | Slain by a sky beast

Illustrated notes

Levels and vault maps discovered:
D:1:      psy_arrival_basics, layout_basic, hellmonk_ecumenical_altar_lost_god,
          serial_rivers, chequers_serial_rivers_micro_b,
          chequers_serial_rivers_micro_e, chequers_serial_rivers_room_a,
          chequers_serial_rivers_marsh
D:2:      layout_basic, chequers_serial_rivers_small_3, minmay_rat_gold_closets
D:3:      layout_loops_cross, mainiacjoe_overflow_cross_hatched, uniq_grinder,
          uniq_robin
D:4:      layout_gridville, mainiacjoe_overflow_24_doors,
          nicolae_overflow_hallway_of_the_gods, uniq_blork_the_orc,
          uniq_crazy_yiuf_cottage
D:5:      cheibrodos_two_vegetables, layout_basic, minmay_temple_entry_wispy,
          kennysheep_generic_room_14
D:6:      layout_cave_pools
D:7:      minmay_the_grid_octo_tiled_squarecenter [minmay_the_grid_octo_clover,
          minmay_the_grid_octo_teeth, minmay_the_grid_octo_horde,
          minmay_the_grid_octo_chip,
          minmay_the_grid_square_5x5_megaprize_hollow,
          minmay_the_grid_square_5x5_n,
          minmay_the_grid_square_5x5_sharp_hourglass,
          minmay_the_grid_square_5x5_three_walls,
          minmay_the_grid_square_5x5_inner_v], layout_gridville,
          zin_scriptorium, mainiacjoe_overflow_brackets,
          gup_ossuary_entry_pyramid, minmay_misc_feat_five, minmay_nine_imps

Skill      XL: |  1  2  3  4  5  6  7  8  9 |
---------------+----------------------------+-----
Armour         | 2 3 5 8 |  8.8
Dodging        | 2 3 4 5 |  5.2
Fighting       | 4 |  4.3
Axes           | 4 5 |  5.1

Action                   |  1- 3 |  4- 6 |  7- 9 || total
-------------------------+-------+-------+-------++-------
Melee: Hand axe          |   109 |    56 |   100 ||   265
       Tailslap          |    11 |     7 |    10 ||    28
       Punch             |     2 |     1 |     2 ||     5
Invok: Berserk           |     1 |     3 |     2 ||     6
 Abil: Rolling Charge    |    18 |    12 |    14 ||    44
  Use: Potion            |     6 |     2 |    10 ||    18
       Scroll            |     8 |     6 |     3 ||    17
Armor: Animal skin       |     8 |       |       ||     8
       Chain mail        |    49 |    21 |    64 ||   134
Dodge: Dodged            |    34 |    21 |    51 ||   106
